Map: Forteresse de fer EC

Players

AgCl - Winner!

  • Race: Protoss Protoss

Russell

  • Race: Protoss Protoss

VOD

Have the link to the VOD?

Description

Time

  • Played on: May 19, 2015, 7:51 p.m.
  • Length: 10:43
Show
View Real Time Build Order
Export as new Build Order

AgCl Protoss - Winner!

Build Orders: Oracle Opening, Oracle Opening 

Get SALT Encoding   

  12  0:06  Probe  
  13  0:22  Pylon  
  13  0:25  Probe, Assimilator  
  14  0:40  Probe  
  15  0:50  Gateway  
  15  0:52  Probe  
  16  1:04  Probe  
  17  1:13  Pylon  
  17  1:16  Probe (Chrono Boost)  
  18  1:28  Probe (Chrono Boost)  
  19  1:34  Probe (Chrono Boost)  
  19  1:37  Zealot (Chrono Boost)  
  22  1:45  Probe  
  23  1:49  Cybernetics Core  
  23  1:57  Probe  
  24  2:05  Assimilator  
  24  2:09  Probe  
  24  2:12  Pylon  
  25  2:16  Forge  
  25  2:22  Probe (Chrono Boost)  
  26  2:34  Probe (Chrono Boost)  
  27  2:41  Mothership Core (Chrono Boost)  
  27  2:46  Stargate  
  27  3:00  Probe  
  27  3:02  Nexus  
  28  3:08  Adept  
  30  3:15  Pylon  
  30  3:22  Warp Gate  
  30  3:33  Oracle (Chrono Boost)  
  30  3:34  Probe  
  34  3:46  Probe  
  35  3:58  Probe  
  34  4:10  Probe (Chrono Boost)  
  34  4:22  Probe x2 (Chrono Boost), Robotics Facility  
  35  4:29  Mothership Core (Chrono Boost)  
  38  4:32  Probe (Chrono Boost)  
  38  4:42  Assimilator  
  38  4:43  Void Ray (Chrono Boost)  
  38  4:44  Probe x2 (Chrono Boost)  
  44  4:52  Twilight Council  
  44  4:53  Probe (Chrono Boost)  
  44  4:54  Assimilator  
  44  4:57  Gateway, Pylon  
  46  5:01  Probe (Chrono Boost)  
  46  5:04  Probe (Chrono Boost)  
  46  5:06  Pylon  
  47  5:10  Probe (Chrono Boost)  
  47  5:13  Probe (Chrono Boost)  
  46  5:20  Probe (Chrono Boost)  
  51  5:21  Immortal (Chrono Boost)  
  51  5:30  Probe  
  52  5:40  Dark Shrine  
  52  5:41  Probe (Chrono Boost)  
  54  5:51  Probe (Chrono Boost)  
  54  5:53  Probe (Chrono Boost), Observer (Chrono Boost)  
  54  5:55  Pylon  
  56  5:59  Probe (Chrono Boost)  
  56  6:02  Charge (Chrono Boost)  
  57  6:09  Gateway x2  
  57  6:13  Pylon  
  57  6:15  Observer (Chrono Boost)  
  57  6:21  Phoenix (Chrono Boost)  
  57  6:23  Probe  
  61  6:26  Probe  
  62  6:33  Nexus  
  62  6:37  Gateway  
  62  6:41  Protoss Ground Weapons Level 1  
  62  6:44  Probe  
  62  6:45  Probe  
  64  6:50  Pylon  
  64  6:51  Gateway  
  64  6:54  Dark Templar  
  64  6:55  Dark Templar  
  64  6:56  Probe  
  69  7:03  Pylon  
  69  7:18  Void Ray  
  69  7:19  Immortal (Chrono Boost)  
  77  7:32  Gateway  
  77  7:35  Zealot  
  79  7:37  Zealot x3  
  85  7:50  Zealot  
  86  7:55  Immortal (Chrono Boost)  
  90  8:00  Zealot x3  
  90  8:01  Zealot  
  98  8:12  Pylon  
  98  8:18  Archon  
  98  8:22  Zealot  
  100  8:30  Immortal, Void Ray  
  100  8:32  Zealot x2  
  100  8:33  Zealot  
  102  8:45  Zealot x3  
  92  8:59  Gateway  
  86  9:19  Photon Cannon  
  86  9:25  Pylon  
  86  9:27  Pylon  
  86  9:30  Immortal  
  86  9:34  Assimilator  
  86  9:37  Void Ray (Chrono Boost)  
  86  9:38  Pylon  
  94  9:39  Pylon  
  94  9:40  Nexus  
  94  9:42  Assimilator  
  94  9:47  Probe x2  
  96  9:53  Dark Templar  
  96  9:54  Zealot x3  
  96  9:58  Dark Templar x2  
  96  9:59  Zealot  
  110  10:02  Archon  
  110  10:05  Zealot  
  112  10:14  Pylon  
  104  10:25  Dark Templar  
  104  10:26  Dark Templar x3  
  100  10:37  Zealot x2  
  100  10:38  Zealot  
Show
View Real Time Build Order
Export as new Build Order

Russell Protoss 

Build Orders: Nexus First 

Get SALT Encoding   

  12  0:01  Probe  
  13  0:13  Pylon  
  13  0:18  Probe  
  14  0:27  Assimilator  
  14  0:31  Probe (Chrono Boost)  
  15  0:41  Probe (Chrono Boost)  
  16  1:02  Nexus  
  16  1:12  Gateway  
  16  1:16  Probe (Chrono Boost)  
  18  1:26  Probe (Chrono Boost)  
  18  1:34  Probe (Chrono Boost)  
  18  1:38  Assimilator  
  19  1:45  Pylon  
  19  1:46  Probe (Chrono Boost)  
  20  1:53  Probe (Chrono Boost)  
  21  1:59  Cybernetics Core  
  21  2:03  Zealot (Chrono Boost)  
  23  2:15  Probe  
  24  2:17  Probe  
  25  2:25  Gateway  
  25  2:27  Probe  
  25  2:29  Probe  
  27  2:33  Warp Gate (Chrono Boost)  
  25  2:39  Stalker  
  27  2:45  Probe (Chrono Boost)  
  27  2:46  Probe (Chrono Boost)  
  31  3:02  Mothership Core (Chrono Boost)  
  31  3:06  Probe (Chrono Boost)  
  32  3:15  Stalker  
  32  3:16  Stalker  
  32  3:17  Probe  
  32  3:19  Probe  
  38  3:29  Probe (Chrono Boost)  
  40  3:37  Probe (Chrono Boost)  
  40  3:40  Probe (Chrono Boost)  
  41  3:42  Robotics Facility  
  41  3:45  Probe (Chrono Boost)  
  41  3:46  Probe (Chrono Boost)  
  42  3:59  Probe x2  
  42  4:01  Assimilator  
  44  4:11  Probe  
  44  4:18  Pylon  
  44  4:20  Pylon  
  43  4:24  Probe  
  43  4:25  Probe  
  40  4:35  Immortal (Chrono Boost)  
  40  4:36  Probe  
  40  4:37  Probe  
  46  4:44  Stalker  
  48  4:49  Probe (Chrono Boost)  
  50  4:53  Gateway  
  50  4:54  Probe (Chrono Boost)  
  51  5:00  Probe (Chrono Boost)  
  51  5:04  Probe (Chrono Boost)  
  51  5:06  Probe (Chrono Boost)  
  53  5:09  Twilight Council  
  53  5:14  Probe (Chrono Boost)  
  53  5:15  Forge  
  53  5:18  Probe (Chrono Boost)  
  54  5:25  Pylon  
  54  5:26  Probe (Chrono Boost), Pylon  
  56  5:29  Probe (Chrono Boost)  
  56  5:30  Blink (Chrono Boost)  
  56  5:33  Probe (Chrono Boost)  
  56  5:35  Probe  
  58  5:37  Pylon  
  58  5:40  Protoss Ground Weapons Level 1 (Chrono Boost)  
  58  5:42  Probe  
  59  5:47  Pylon  
  59  5:48  Pylon  
  59  5:50  Immortal (Chrono Boost)  
  63  6:02  Probe x2  
  65  6:07  Stalker x2  
  65  6:10  Stalker  
  71  6:14  Probe  
  71  6:15  Probe  
  71  6:16  Immortal  
  73  6:18  Assimilator  
  76  6:35  Probe x2  
  76  6:36  Stalker x2  
  82  6:40  Pylon  
  82  6:48  Probe x2  
  82  6:52  Stalker  
  86  6:55  Gateway  
  86  6:58  Gateway  
  86  7:09  Stalker x2  
  90  7:20  Observer (Chrono Boost), Pylon  
  83  7:38  Stalker  
  83  7:40  Stalker x2  
  89  7:47  Observer (Chrono Boost)  
  90  8:01  Observer (Chrono Boost)  
  91  8:06  Protoss Ground Weapons Level 2 (Chrono Boost)  
  91  8:08  Pylon  
  91  8:09  Nexus  
  81  8:39  Stalker x3  
  72  8:50  Immortal  
  58  8:58  Probe x2  
  58  9:00  Stalker  
  62  9:03  Stalker  
  62  9:04  Stalker x3  
  69  9:10  Probe x2  
  71  9:22  Probe x2  
  73  9:25  Probe  
  73  9:28  Assimilator  
  73  9:30  Stalker  
  76  9:32  Assimilator  
  76  9:34  Probe x2  
  76  9:35  Pylon  
  76  9:37  Probe  
  79  9:52  Probe x3  
  81  10:01  Stalker  
  81  10:02  Stalker  
  81  10:04  Probe x3  
  88  10:07  Templar Archives  
  63  10:24  Stalker x4  
Tags
 
Add a new tag
Caveats
  • Supply blocks, unpowered buildings, or Contaminate may cause inaccurate times.
  • Supply counts are checked every 10 seconds.